 Dungeon Crawl Stone Soup version 0.28-a0-687-gb91baff9cc (webtiles) character file.

Game seed: 8443480592190814991

2136 spiderkeys the Skirmisher (level 9, -28/47 HPs)
             Began as a Vine Stalker Abyssal Knight on Oct 19, 2021.
             Was a Believer of Lugonu.
             Annihilated by a boulder beetle (41 damage)
             ... on level 6 of the Dungeon.
             The game lasted 00:08:17 (4209 turns).

spiderkeys the Skirmisher (VSAK)                    Turns: 4209, Time: 00:08:18

Health: -28/47     AC:  6    Str: 17    XL:     9   Next: 30%
Magic:  0/14       EV: 13    Int: 16    God:    Lugonu [**....]
Gold:   207        SH:  0    Dex: 16    Spells: 3/8 levels left

rFire   . . .      SeeInvis .   s - +3 rapier "Dampieh" {venom, Int+5}
rCold   . . .      Faith    .   (no shield)
rNeg    . . .      Spirit   +   m - +2 leather armour {rPois}
rPois   +          Reflect  .   (no helmet)
rElec   .          Harm     .   (no cloak)
rCorr   .          Rampage  .   n - +0 pair of gloves
Will    +....                   (no boots)
Stlth   ++........              (no amulet)
HPRegen 1.15/turn               (no ring)
MPRegen 0.14/turn               (no ring)

@: no status effects
A: fangs 3, regeneration 1, magic shield, antimagic bite, no potion heal 2
a: Renounce Religion, Depart the Abyss, Bend Space


You were on level 6 of the Dungeon.
You worshipped Lugonu.
Lugonu was pleased with you.
You visited 1 branch of the dungeon, and saw 6 of its levels.
You visited the Abyss 1 time.

You collected 387 gold pieces.
You spent 180 gold pieces at shops.


Innate Abilities, Weirdness & Mutations

You have razor-sharp teeth.
Your natural rate of healing is unusually fast.
When hurt, damage is shared between your health and your magic reserves.
Your bite disrupts and absorbs the magic of your enemies.
Potions cannot restore your health.


   Skills:
 + Level 5.6 Fighting
 + Level 5.1 Short Blades
 - Level 1.9 Armour
 + Level 4.3 Dodging
 - Level 2.8 Stealth
 + Level 4.3 Hexes
 + Level 5.5 Invocations


You had 3 spell levels left.
You knew the following spells:

 Your Spells              Type           Power      Damage    Failure   Level
d - Dazzling Flash        Conj/Hex       12%        N/A       36%         3
e - Ensorcelled Hibernat  Hex/Ice        12%        N/A       19%         2

Your spell library contained the following spells:

 Spells                   Type           Power      Damage    Failure   Level
 Corpse Rot               Necr/Air       0%         N/A       41%         2
 Spider Form              Tmut/Pois      0%         N/A       65%         3
 Dispel Undead            Necr           0%         3d6       96%         4
 Iskenderun's Mystic Bla  Conj/Tloc      0%         2d3       96%         4
 Death Channel            Necr           0%         N/A       100%        6
 Starburst                Conj/Fire      0%         6d3       100%        6

Inventory:

Hand Weapons
 a - a +1 short sword
 s - the +3 rapier "Dampieh" (weapon) {venom, Int+5}
   (You bought it in a shop on level 2 of the Dungeon)

   It poisons the flesh of those it strikes.
   Int:       It affects your intelligence (+5).
 G - the +9 flail of the Slashing Fox {distort, Fly Stlth+}
   (You found it on level 6 of the Dungeon)

   It warps and distorts space around it, and may blink, banish, or inflict
   extra damage upon those it strikes.
   Unwielding it can cause banishment or high damage.
   Fly:       It grants you flight.
   Stlth:     It makes you more stealthy.
Missiles
 b - 51 sling bullets
 e - 237 stones
 f - 94 arrows
 x - 21 bolts
 C - 3 boomerangs
 E - 23 poisoned darts
Armour
 k - a +0 kite shield
   (You found it on level 2 of the Dungeon)
 m - a +2 leather armour of poison resistance (worn)
   (You found it on level 3 of the Dungeon)
 n - a +0 pair of gloves (worn)
   (You found it on level 3 of the Dungeon)
 u - a +0 pair of boots
   (You found it on level 4 of the Dungeon)
Magical Staves
 t - a staff of poison {!a}
   (You found it on level 4 of the Dungeon)
Wands
 d - a wand of iceblast (6)
   (You found it on level 2 of the Abyss)
Scrolls
 g - 6 scrolls of identify {unknown}
 j - 2 scrolls of amnesia {unknown}
 l - a scroll of noise {unknown}
 o - a scroll of torment {unknown}
 q - 4 scrolls of teleportation {unknown}
 r - 2 scrolls of enchant armour {unknown}
 v - 2 scrolls of acquirement {unknown}
 y - a scroll of vulnerability {unknown}
 A - a scroll of blinking {unknown}
 D - 2 scrolls of fear {unknown}
Potions
 c - 3 potions of attraction {unknown}
 h - 2 potions of haste {unknown}
 i - 2 potions of heal wounds {unknown}
 p - 2 potions of brilliance {unknown}
 w - a potion of lignification {unknown}
 z - 2 potions of flight {unknown}
 B - a potion of curing {unknown}
 F - a potion of berserk rage {unknown}

Dungeon Overview and Level Annotations

Branches:
Dungeon (6/15)
 Temple: D:4-7

Altars:
Cheibriados
Hepliaklqana
Xom

Shops:
D:2 ( D:6

* #..# .. ... . .# ..
.## . .. ..#
#.#########.#
#.#!......#.##
#.#[....Z.'Z.# #
#.#$......#g.# #
#.#########@.#
######..'.....#ยฐSB#
....#...#.....#.โ—‹.#
........#######ยง.##
.........#...#...#
......##.##.##)#.#
....####..#'#....#
.....# ##.....#.##
.....# #######.#


You could see a boulder beetle (rolling), a gnoll sergeant, an adder and a
killer bee zombie.


Message History

You kill the gnoll!
Lugonu accepts your kill.
The gnoll barely misses you. ๐Ÿ˜• HP[+1]
The gnoll hits you with a +0 spear. ๐Ÿ˜• HP[-2] MP[-1]
You take 2 damage, and now have 37/47 hp.
You lost 1 mp, and now have 10/14 mp.
You hit the gnoll. You bite the gnoll!
You kill the gnoll!
Lugonu accepts your kill. ๐Ÿ˜• HP[+1]
Things that are here:
a +0 spear; a gnoll corpse; ๐Ÿ˜• HP[+2] MP[+1]
You regained 2 hp, and now have 40/47 hp.
A white imp comes into view. ๐Ÿ˜• HP[+5]
You regained 5 hp, and now have 45/47 hp. ๐Ÿ˜• HP[+1]
The white imp shouts!
The white imp shouts, "Back with thee, thou euchred clay-brained vassal!" ๐Ÿ˜Ž HP[+1] MP[+1]
Your hp is fully restored (47).
The white imp gestures at you. The puff of frost misses you.
The white imp closely misses you.
You puncture the white imp! The white imp gestures at you.
The puff of frost hits you! ๐Ÿ˜• HP[-7] MP[-2]
You take 7 damage, and now have 40/47 hp.
You lost 2 mp, and now have 10/14 mp.
You puncture the white imp!
You kill the white imp!
Lugonu accepts your kill.
You can now banish your foes. ๐Ÿ˜• HP[+1] No target in view!
You see here a +0 spear.
Things that are here:
a +0 whip; a gnoll corpse; ๐Ÿ˜Ž HP[+6] MP[+4]
Your hp is fully restored (47).
Your mp is fully restored (14).
A hound comes into view.
The helpless hound fails to defend itself.
You impale the hound!!
You kill the hound!
Lugonu accepts your kill.
No target in view!
Key pressed, stopping explore.
You open the door. 2 adders and a gnoll sergeant come into view.
A boulder beetle and a zombie come into view.
The adder hisses angrily.
The gnoll sergeant shouts!
The boulder beetle curls into a ball and begins rolling!
There is an open door here.
The adder bites you. The adder closely misses you.
The adder misses you. ๐Ÿ˜• HP[-1]
You take 1 damage, and now have 46/47 hp.
You puncture the adder!
The adder is poisoned.
You kill the adder!
Lugonu accepts your kill.
The adder bites you but does no damage. ๐Ÿ˜Ž HP[+1]
Your hp is fully restored (47).
Press: ? - help, Shift-Dir - straight line, f - boulder beetle
Aim: a boulder beetle (rolling, chance to affect: 70%)
Okay, then.
Press: ? - help, Shift-Dir - straight line, f - boulder beetle
Aim: a boulder beetle (rolling, chance to affect: 70%)
The boulder beetle struggles to resist.
You can no longer banish your foes.
The adder barely misses you. The boulder beetle hits you!!
Ouch! That really hurt!
* * * LOW HITPOINT WARNING * * *
The boulder beetle stops rolling and uncurls.
The killer bee zombie completely misses you.
The gnoll sergeant hits you from afar with a +0 trident.
* * * LOW HITPOINT WARNING * * *
๐Ÿ˜จ HP[-33] MP[-11]
You take 33 damage, and now have 14/47 hp.
MASSIVE DAMAGE!! (PAUSE)
You lost 11 mp, and now have 3/14 mp.
There is an open door here. ๐Ÿ˜จ HP[+1] ๐Ÿ˜จ HP[+1]
The adder closely misses you. ๐Ÿ˜จ HP[+2]
You regained 2 hp, and now have 18/47 hp.
The boulder beetle curls into a ball and begins rolling! ๐Ÿ˜จ HP[+1] ๐Ÿ˜จ HP[+1] ๐Ÿ˜จ HP[+1] MP[+1] Space bends around you!
You blink.
The adder misses you.
The gnoll sergeant hits you with a +0 trident!
* * * LOW HITPOINT WARNING * * *
The boulder beetle hits you!!!
Ouch! That really hurt!
You die...

Skill      XL: |  1  2  3  4  5  6  7  8  9 |
---------------+----------------------------+-----
Short Blades   | 2 3 4 5 |  5.1
Dodging        | 1 2 3 4 |  4.3
Invocations    | 2 3 4 5 |  5.5
Fighting       | 3 4 5 |  5.6
Stealth        | 1 2 |  2.8
Hexes          | 1 2 3 4 |  4.3
Armour         | |  1.9

Action                   |  1- 3 |  4- 6 |  7- 9 || total
-------------------------+-------+-------+-------++-------
Melee: Short sword       |       |    60 |       ||    60
       Rapier            |       |    38 |   128 ||   166
       Bite              |       |    26 |    45 ||    71
 Cast: Ensorcelled Hiber |       |       |     1 ||     1
Invok: Bend Space        |       |       |     1 ||     1
       Banish            |       |       |     1 ||     1
Evoke: Wand              |     3 |     4 |       ||     7
 Stab: Sleeping          |       |     9 |     6 ||    15
Armor: Leather armour    |     6 |    20 |    24 ||    50
Dodge: Dodged            |     6 |    45 |    86 ||   137

Levels and vault maps discovered:
D:1:      elethiomel_arrival_maze, layout_basic,
          dreamdust_ecumenical_altar_angels_and_demons
D:2:      layout_rooms, basic_altar, serial_bayou, serial_bayou_lagoon_a,
          serial_bayou_pond_d, serial_bayou_pond_a, serial_bayou_crossing,
          serial_bayou_lagoon_b, serial_shops, shop
D:3:      layout_basic, guppyfry_early_lair_pool
D:4:      layout_gridville, nicolae_hepliaklqana_monster_ancestors
D:5:      layout_rooms, mainiacjoe_overflow_chevrons, kennysheep_generic_room_8,
          uniq_sigmund, uniq_menkaure
D:6:      layout_cave_pools, eino_tiny_chamber, minmay_misc_feat_encased,
          nicolae_stop_n_shop_2, minmay_divided_ellipse

Notes
Turn   | Place    | Note
-------+----------+-------------------------------------------
     0 | Abyss:1  | spiderkeys the Vine Stalker Abyssal Knight began the quest
                  | for the Orb.
     0 | Abyss:1  | Reached XP level 1. HP: 11/11 MP: 3/3
     0 | Abyss:1  | magus.rc [v1.9.10]
    46 | Abyss:2  | Noticed a quasit
    63 | Abyss:2  | Killed a quasit
    64 | Abyss:2  | Reached skill level 2 in Short Blades
    64 | Abyss:2  | Reached skill level 1 in Dodging
    64 | Abyss:2  | Reached skill level 2 in Invocations
    64 | Abyss:2  | Reached XP level 2. HP: 16/16 MP: 4/4
    64 | Abyss:2  | Reached XP level 3. HP: 19/19 MP: 5/5
    64 | Abyss:2  | Noticed a small abomination
    69 | Abyss:2  | Killed a small abomination
    70 | Abyss:2  | Reached skill level 3 in Fighting
    70 | Abyss:2  | Reached skill level 1 in Stealth
    70 | Abyss:2  | Gained mutation: Your natural rate of healing is unusually
                  | fast. [Vine Stalker growth]
    70 | Abyss:2  | Reached XP level 4. HP: 24/24 MP: 6/6
    70 | Abyss:2  | Reached XP level 5. HP: 28/28 MP: 7/7
    95 | Abyss:2  | Noticed a raiju
    97 | Abyss:2  | Noticed an eidolon
    98 | Abyss:2  | HP: 6/28 [raiju (7)]
    99 | Abyss:2  | Killed a raiju
   100 | Abyss:2  | Reached skill level 3 in Short Blades
   100 | Abyss:2  | Reached skill level 2 in Dodging
   100 | Abyss:2  | Reached skill level 2 in Stealth
   100 | Abyss:2  | Reached skill level 3 in Invocations
   100 | Abyss:2  | Reached XP level 6. HP: 9/33 MP: 1/9
   100 | Abyss:2  | Noticed a purple very ugly thing
   102 | D:1      | You pass through the gate.
   102 | D:1      | Escaped the Abyss
   398 | D:1      | You pick up a book of Dreams and begin reading...
   398 | D:1      | You add the spells Ensorcelled Hibernation and Spider Form
                  | to your library.
   472 | D:1      | Learned a level 2 spell: Ensorcelled Hibernation
   643 | D:1      | Found a faded altar of an unknown god.
  1111 | D:2      | Found Tibar's Antique Weapon Shop.
  1117 | D:2      | Found a snail-covered altar of Cheibriados.
  1997 | D:3      | Reached ** piety under Lugonu
  2367 | D:2      | Bought a crystal rapier for 180 gold pieces
  2367 | D:2      | Identified the +3 rapier "Dampieh" {venom, Int+5} (You
                  | bought it in a shop on level 2 of the Dungeon)
  2693 | D:4      | You pick up a book of Spectacle and begin reading...
  2693 | D:4      | You add the spells Dazzling Flash, Iskenderun's Mystic
                  | Blast and Starburst to your library.
  2796 | D:4      | Reached skill level 1 in Hexes
  2816 | D:4      | Noticed an ice beast
  2829 | D:4      | Killed an ice beast
  2830 | D:4      | Reached skill level 4 in Fighting
  2830 | D:4      | Reached XP level 7. HP: 32/37 MP: 7/10
  2834 | D:4      | Learned a level 3 spell: Dazzling Flash
  2884 | D:4      | Found a hazy altar of Hepliaklqana.
  3055 | D:5      | Entered Level 5 of the Dungeon
  3055 | D:5      | Noticed Sigmund
  3133 | D:5      | Killed Sigmund
  3174 | D:5      | Reached skill level 2 in Hexes
  3232 | D:5      | Reached skill level 3 in Dodging
  3232 | D:5      | Reached skill level 4 in Invocations
  3313 | D:5      | Noticed Menkaure
  3335 | D:5      | Killed Menkaure
  3336 | D:5      | Reached skill level 4 in Short Blades
  3336 | D:5      | Gained mutation: You have razor-sharp teeth. [Vine Stalker
                  | growth]
  3336 | D:5      | Reached XP level 8. HP: 17/42 MP: 9/12
  3574 | D:5      | Found a shimmering altar of Xom.
  3578 | D:5      | Reached skill level 3 in Hexes
  3597 | D:6      | Found Lomeiget's Assorted Antiques.
  3618 | D:5      | Reached skill level 5 in Fighting
  3758 | D:6      | Reached skill level 5 in Invocations
  3765 | D:6      | Reached skill level 4 in Dodging
  3790 | D:6      | Reached XP level 9. HP: 42/47 MP: 11/13
  3914 | D:6      | Reached skill level 4 in Hexes
  3967 | D:6      | Identified the +9 flail of the Slashing Fox {distort, Fly
                  | Stlth+}
  4023 | D:6      | Reached skill level 5 in Short Blades
  4085 | D:6      | You pick up a book of Decay and begin reading...
  4085 | D:6      | You add the spells Corpse Rot, Dispel Undead and Death
                  | Channel to your library.
  4121 | D:6      | Reached *** piety under Lugonu
  4199 | D:6      | Noticed a boulder beetle
  4209 | D:6      | Annihilated by a boulder beetle

Vanquished Creatures
  A raiju (Abyss:2)
  Sigmund (D:5)
  Menkaure (D:5)
  3 water moccasins
  An ice beast (D:4)
  A small abomination (Abyss:2)
  A sky beast (D:5)
  A necrophage (D:6)
  5 ogres
  A phantom (D:6)
  A wyvern skeleton (D:6)
  A quasit (Abyss:2)
  2 centaur zombies (D:6)
  2 jellies (D:6)
  2 hounds
  2 iguanas
  An orc wizard (D:4)
  A killer bee zombie (D:6)
  2 howler monkey skeletons
  3 gnolls (D:6)
  3 adders
  A shadow imp (D:6)
  A white imp (D:6)
  2 dart slugs
  8 orcs
  4 bats
  5 endoplasms
  A giant cockroach (D:4)
  3 hobgoblins
  2 kobolds
  6 quokkas
  2 ball pythons
  2 frilled lizards
  5 goblins
  4 rats
  A spectral goblin (D:4)
83 creatures vanquished.

Vanquished Creatures (others)
  2 plants (D:2)
2 creatures vanquished.

Grand Total: 85 creatures vanquished

Table legend:
 A = Non-vault XP
 B = Vault XP
 C = Vault XP percentage of total XP
 D = Non-vault monster count
 E = Vault monster count
 F = Vault count percentage of total count
                 A         B        C        D         E       F
            +---------+---------+-------+---------+---------+-------
      Total |    2397 |     655 |  21.5 |      74 |       9 |  10.8
            +---------+---------+-------+---------+---------+-------
        D:1 |      22 |       0 |   0.0 |      13 |       0 |   0.0
        D:2 |      13 |       0 |   0.0 |       8 |       0 |   0.0
        D:3 |      28 |       0 |   0.0 |       9 |       0 |   0.0
        D:4 |     219 |       3 |   1.4 |      14 |       2 |  12.5
        D:5 |     609 |     399 |  39.6 |      11 |       2 |  15.4
        D:6 |    1061 |     253 |  19.3 |      16 |       5 |  23.8
    Abyss:2 |     445 |       0 |   0.0 |       3 |       0 |   0.0
            +---------+---------+-------+---------+---------+-------

Illustrated notes

Table legend:
 A = Kills in this place as a percentage of kills in entire the game.
 B = Kills by you in this place as a percentage of kills by you in the entire game.
 C = Kills by friends in this place as a percentage of kills by friends in the entire game.
 D = Other kills in this place as a percentage of other kills in the entire game.
 E = Experience gained in this place as a percentage of experience gained in the entire game.
 F = Experience gained in this place divided by the number of levels of this place that you have seen.
                   A       B       C       D       E      F
               +-------+-------+-------+-------+-------+----------------------
         Total | 100.0 | 100.0 |   N/A |   N/A | 100.0 | 381.5
       Dungeon |  96.4 |  96.4 |   N/A |   N/A |  85.4 | 434.5
         Abyss |   3.6 |   3.6 |   N/A |   N/A |  14.6 | 222.5
               +-------+-------+-------+-------+-------+----------------------

Table legend: (Time is in decaauts)
 A = Elapsed time spent in this place.
 B = Non-inter-level travel time spent in this place.
 C = Inter-level travel time spent in this place.
 D = Time resting spent in this place.
 E = Time spent auto-exploring this place.
 F = Levels seen in this place.
 G = Mean time per level.
                   A        B        C        D        E       F      G
               +--------+--------+--------+--------+--------+-----+--------+
         Total |   4232 |   3955 |    277 |    108 |   3076 |   8 |  529.0 |
       Dungeon |   4131 |   3854 |    277 |    108 |   3072 |   6 |  688.5 |
         Abyss |    101 |    101 |      0 |      0 |      4 |   2 |   50.5 |
               +--------+--------+--------+--------+--------+-----+--------+

Top non-repeatable levels by time:
     D:4: 842 daAuts
     D:1: 775 daAuts
     D:3: 731 daAuts
     D:2: 654 daAuts
     D:5: 628 daAuts
     D:6: 498 daAuts
 Abyss:2: 76 daAuts
 Abyss:1: 25 daAuts
